 Dungeon Crawl Stone Soup version 0.31.0-7-gf635a9b802 (webtiles) character file.

Game seed: 12151996834676717878

123 jagang the Slasher (level 5, -10/42 HPs)
             Began as a Human Monk on Jan 23, 2024.
             Was a Believer of Makhleb.
             Killed by nerve-wracking pain
             ... invoked by PaiMei's ghost
              (14 damage)
             ... on level 3 of the Dungeon.
             The game lasted 00:03:24 (2355 turns).

jagang the Slasher (Human Monk)                     Turns: 2355, Time: 00:03:24

Health: -10/42     AC:  6    Str: 12    XL:     5   Next: 7%
Magic:  5/5        EV: 13    Int: 10    God:    Makhleb [**....]
Gold:   114        SH:  0    Dex: 17    Spells: 4/4 levels left

rFire   . . .        a - +0 falchion
rCold   . . .        d - orb {light}
rNeg    . . .        b - +0 robe
rPois   .            (no helmet)
rElec   .            (no cloak)
rCorr   .            (no gloves)
SInv    .            l - +3 pair of seven-league boots {Rampage+∞}
Will    .....        (no amulet)
Stlth   +            (no ring)
HPRegen 0.27/turn    (no ring)
MPRegen 0.09/turn

%: rampage+∞
@: glowing
A: explore regen
a: Renounce Religion, Minor Destruction


You were on level 3 of the Dungeon.
You worshipped Makhleb.
Makhleb was pleased with you.
You visited 1 branch of the dungeon, and saw 3 of its levels.

You collected 114 gold pieces.

Inventory:

Hand Weapons
 a - a +0 falchion (weapon)
Missiles
 m - 2 javelins (quivered)
Armour
 b - a +0 robe (worn)
 d - an orb of light (worn)
 l - the +3 pair of seven-league boots (worn) {Rampage+∞}
   (You found it on level 2 of the Dungeon)

   Rampage+∞: When moving toward enemies, its wearer moves as far as possible,
   alerting their target en route.
Scrolls
 f - a scroll of fear {unknown}
 g - a scroll of teleportation {unknown}
 h - 2 scrolls of identify {unknown}
 j - 2 scrolls of vulnerability {unknown}
 k - a scroll of blinking {unknown}
 n - a scroll of torment {unknown}
Potions
 c - 2 potions of ambrosia
 e - a potion of curing {unknown}
 i - a potion of attraction {unknown}


   Skills:
 + Level 3.7 Fighting
 + Level 3.8 Long Blades
 * Level 3.1 Armour
 - Level 3.0 Dodging


You had 4 spell levels left.
You didn't know any spells.
Your spell library contained the following spells:

 Spells                   Type           Power      Damage    Failure   Level
 Sting                    Conj/Alch      0%         1d3       36%         1
 Mercury Vapours          Alch/Air       0%         N/A       50%         2
 Olgreb's Toxic Radiance  Alch           0%         N/A       98%         4


Dungeon Overview and Level Annotations

Branches:
Dungeon (3/15)

Altars:
Fedhas
Makhleb
Zin

Shops:
D:2 [

Annotations:
D:3 1 runed translucent door, PaiMei's ghost, weakling DsNe


Innate Abilities, Weirdness & Mutations

You regain HP and MP as you explore.


Message History

PaiMei's ghost casts a spell at you. Pain shoots through your body!
You start resting.
PaiMei's ghost is nearby!
PaiMei's ghost hits you but does no damage.
You hit PaiMei's ghost but do no damage.
PaiMei's ghost is lightly damaged.
PaiMei's ghost casts a spell at you.
You barely resist. You hit PaiMei's ghost.
PaiMei's ghost is moderately damaged.
PaiMei's ghost closely misses you.
You hit PaiMei's ghost but do no damage.
PaiMei's ghost is moderately damaged.
PaiMei's ghost hits you but does no damage.
You slash PaiMei's ghost!
PaiMei's ghost is severely damaged.
PaiMei's ghost gestures at you while chanting.
Pain shoots through your body!
You hit PaiMei's ghost.
PaiMei's ghost is severely damaged.
PaiMei's ghost hits you.
You barely miss PaiMei's ghost.
PaiMei's ghost is severely damaged.
PaiMei's ghost closely misses you.
PaiMei's ghost gestures at you while chanting.
Pain shoots through your body!
You hit PaiMei's ghost.
PaiMei's ghost is severely damaged.
PaiMei's ghost hits you but does no damage.
You barely miss PaiMei's ghost.
PaiMei's ghost is severely damaged.
PaiMei's ghost gestures at you while chanting.
Pain shoots through your body!
* * * LOW HITPOINT WARNING * * *
You hit PaiMei's ghost.
PaiMei's ghost is severely damaged.
PaiMei's ghost gestures at you while chanting.
Pain shoots through your body!
You die...

........#
#≈≈....8....≈≈###...#
######..#
#≈≈§.......≈≈§#.....#
######..#
#≈≈≈≈.....≈§≈≈#......
........#
#§≈≈≈≈≈§≈≈≈≈≈≈####.##
###.##.##
################ #...
#.##.# #.##...###.#
#### #.##.#
#..........# ########
###..........#
⌠###.####
#.@.........##
.#.#.#._#
#W####...####
.......⌠# #r#
#...##########
.......## #.#
#...>.........
.#.#.#._# ##.##
##############
.#_###### #...# #####
##'## ##..#
#~~~########## #...#
#~~~#........#


You could see PaiMei's ghost and a river rat.

Vanquished Creatures
  A bombardier beetle (D:3)
  4 adders
  A ribbon worm (D:2)
  2 orcs (D:3)
  7 ball pythons
  4 endoplasms
  4 giant cockroaches
  5 hobgoblins
  3 kobolds
  A quokka (D:1)
  7 bats
  2 frilled lizards
  6 goblins
  6 rats
53 creatures vanquished.

Notes
Turn   | Place    | Note
-------+----------+-------------------------------------------
     0 | D:1      | jagang the Human Monk began the quest for the Orb.
     0 | D:1      | Reached XP level 1. HP: 18/18 MP: 1/1
   144 | D:1      | Reached skill level 1 in Armour
   144 | D:1      | Reached XP level 2. HP: 24/24 MP: 2/2
   657 | D:2      | Found Pahaec's Armour Emporium.
   675 | D:2      | Reached XP level 3. HP: 25/29 MP: 3/3
   929 | D:2      | Found the +3 pair of seven-league boots {Rampage+∞}
  1594 | D:3      | Found a burning altar of Makhleb.
  1594 | D:3      | Found a glowing silver altar of Zin.
  1595 | D:3      | Found a blossoming altar of Fedhas.
  1602 | D:3      | Became a worshipper of Makhleb the Destroyer
  1602 | D:3      | Reached * piety under Makhleb
  1602 | D:3      | Reached ** piety under Makhleb
  1691 | D:3      | Reached XP level 4. HP: 35/35 MP: 4/4
  1949 | D:3      | Found a runed translucent door.
  1951 | D:3      | Noticed PaiMei's ghost (weakling DsNe)
  2001 | D:3      | Reached XP level 5. HP: 35/42 MP: 5/5
  2083 | D:3      | Found a runed translucent door.
  2355 | D:3      | Killed from afar by PaiMei's ghost

Illustrated notes

Levels and vault maps discovered:
D:1:      evilmike_arrival_rings, layout_basic
D:2:      layout_loops_corners, serial_aquarium, aquarium_bridge_straight
          [aquarium_subvault_bridge, aquarium_subvault_balcony,
          aquarium_subvault_bridge, aquarium_subvault_window],
          aquarium_window_fake, aquarium_window_fake, aquarium_window_1,
          aquarium_view_2f, aquarium_view_2b, aquarium_balcony_1b, serial_shops,
          shop
D:3:      layout_loops_ring, minitemple, ebering_ghost_sewer_f,
          kennysheep_generic_room_2

Skill      XL: |  1  2  3  4 |
---------------+-------------+-----
Armour         | 1 2 3 |  3.1
Fighting       | |  3.7
Long Blades    | |  3.8
Dodging        | |  3.0

Action                     |  1- 3 |  4- 6 || total
---------------------------+-------+-------++-------
  Melee: Falchion          |   116 |    41 ||   157
  Throw: Javelin           |       |     2 ||     2
 Armour: Robe              |    62 |    21 ||    83
  Dodge: Dodged            |    98 |    17 ||   115
